 Dungeon Crawl Stone Soup version 0.21.1-1-g345015fe64 (webtiles) character file.

31 BrokenGlass the Sneak (level 3, 0/19 HPs)
             Began as a Vine Stalker Assassin on Mar 24, 2018.
             Succumbed to an adder's poison
             ... on level 1 of the Dungeon.
             The game lasted 00:01:05 (813 turns).

BrokenGlass the Sneak (Vine Stalker Assassin)        Turns: 813, Time: 00:01:06

Health: 0/19       AC:  3    Str: 14    XL:     3   Next: 22%
Magic:  4/4        EV: 11    Int: 16    God:
Gold:   47         SH:  0    Dex: 15    Spells: 2/2 levels left

rFire    . . .     SeeInvis +   a - +2 dagger
rCold    . . .     Gourm    .   (no shield)
rNeg     . . .     Faith    .   c - +0 robe
rPois    .         Spirit   +   (no helmet)
rElec    .         Reflect  .   d - +0 cloak
rCorr    .         Harm     .   (no gloves)
MR       .....                  (no boots)
Stlth    +++.......             (no amulet)
HPRegen  0.06/turn              m - ring of see invisible
MPRegen  0.09/turn              (no ring)

@: brilliant, lethally poisoned (0 -> -12)
A: fangs 2, magic shield, antimagic bite, no potion heal 3, rot immunity
a: no special abilities


You were on level 1 of the Dungeon.
You were not hungry.

You visited 1 branch of the dungeon, and saw 2 of its levels.

You collected 47 gold pieces.

Inventory:

Hand Weapons
 a - a +2 dagger (weapon)
 b - a +0 blowgun
 i - a +0 hunting sling
Missiles
 e - 8 poisoned needles
 f - 2 curare-tipped needles
 l - 11 tomahawks (quivered)
 q - 11 stones
Armour
 c - a +0 robe (worn)
 d - a +0 cloak (worn)
Jewellery
 m - a ring of see invisible (left hand)
Scrolls
 h - 2 scrolls of random uselessness {unknown}
 k - 3 scrolls of blinking {unknown}
 n - a scroll of remove curse {unknown}
 p - a scroll of identify {unknown}
Potions
 j - a potion of might {unknown}
Comestibles
 g - 6 rations


   Skills:
 * Level 2.6 Fighting
 + Level 2.2 Short Blades
 - Level 1.7 Throwing
 - Level 0.7 Dodging
 + Level 5.2 Stealth


You had 2 spell levels left.
You didn't know any spells.

Dungeon Overview and Level Annotations

Branches:
Dungeon (2/15)

Altars:


Innate Abilities, Weirdness & Mutations

You have extremely sharp teeth.
When hurt, damage is shared between your health and your magic reserves.
Your bite disrupts and absorbs the magic of your enemies.
Potions cannot restore your health.
You are immune to rotting.


Message History

The adder is moderately wounded.
* * * LOW HITPOINT WARNING * * *
You feel sick. The adder closely misses you.
You barely miss the adder. Your bite misses the adder.
The adder is moderately wounded.
* * * LOW HITPOINT WARNING * * *
You feel sick. The adder bites you.
* * * LOW HITPOINT WARNING * * *
You barely miss the adder.
The adder is moderately wounded.
* * * LOW HITPOINT WARNING * * *
You feel sick. The adder closely misses you.
You miss the adder. You bite the adder. You drain its power.
You feel invigorated.
The adder is severely wounded.
The adder barely misses you.
Unknown command.
It was a potion of brilliance.
You feel clever all of a sudden.
You die...

..#### #.##..##...# .##
#.##..##...# ..#
#.##.##....# ..#
#.#####....# ..# #.#
#......# ..# #.# #.#....#
..# #.###......# ###
#.##.......# #.S@...#####
#...#### ######...####
#...........#
#...........#
#.......)...#
#...........#####
#...............#######♣♣
#...........###..........


You could see an adder.

Vanquished Creatures
  An ooze (D:1)
  2 leopard geckos
  A giant cockroach (D:2)
  2 goblins
  4 hobgoblins
  7 bats (D:1)
  3 frilled lizards (D:1)
  2 kobolds (D:1)
  3 rats (D:1)
25 creatures vanquished.

Notes
Turn   | Place    | Note
-------+----------+-------------------------------------------
     0 | D:1      | BrokenGlass the Vine Stalker Assassin began the quest for the Orb.
     0 | D:1      | Reached XP level 1. HP: 11/11 MP: 2/2
   105 | D:1      | Reached skill level 5 in Stealth
   105 | D:1      | Reached XP level 2. HP: 15/15 MP: 3/3
   570 | D:1      | Reached XP level 3. HP: 19/19 MP: 4/4
   813 | D:1      | Succumbed to an adder's poison

Skill      XL: |  1  2 |
---------------+-------+-----
Fighting       | 2 |  2.6
Stealth        | 5 |  5.2
Short Blades   | 2 |  2.2
Throwing       | |  1.7
Dodging        | |  0.7

Action                   || total
-------------------------++-------
Melee: Dagger            ||    78
       Bite              ||    16
Throw: Tomahawk          ||     2
  Use: Potion            ||     1
 Stab: Sleeping          ||     6
Armor: Robe              ||    23
Dodge: Dodged            ||    50
